 Dungeon Crawl Stone Soup version 0.17-a0-1360-g37db002 (webtiles) character file.

21 Kidiri the Insei (level 2, -3/18 HPs)
             Began as an Octopode Transmuter on June 11, 2015.
             Slain by a goblin
             ... wielding a +0 club
              (5 damage)
             ... on level 2 of the Dungeon.
             The game lasted 00:01:37 (475 turns).

Kidiri the Insei (Octopode Transmuter)               Turns: 475, Time: 00:01:37

Health: -3/18      AC:  1    Str:  9    XL:     2   Next: 83%
Magic:  5/5        EV: 12    Int: 15    God:
Gold:   11         SH:  0    Dex: 12    Spells: 2 memorised, 2 levels left

rFire  . . .     SeeInvis .       - Unarmed
rCold  . . .     Clarity  .     (no shield)
rNeg   . . .     SustAt   .     (helmet restricted)
rPois  .         Gourm    .     (no amulet)
rElec  .         Spirit   .     (no ring)
rCorr  .         Warding  .     (no ring)
rMut   .         Stasis   .     (no ring)
MR     .....                    (no ring)
Stlth  +++.......               (no ring)
                                (no ring)
                                (no ring)
                                (no ring)

@: not resistant to hostile enchantments, fairly stealthy
A: almost no armour, amphibious, 8 rings, constrict 8, camouflage 1, gelatinous
body 1
a: no special abilities


You were on level 2 of the Dungeon.
You were not hungry.

You visited 1 branch of the dungeon, and saw 2 of its levels.

You collected 11 gold pieces.

Inventory:

Missiles
 a - 12 arrows
Scrolls
 e - a scroll of noise {unknown}
 f - a scroll of amnesia {unknown}
Books
 b - a book of Changes

   Spells                             Type                      Level
   a - Beastly Appendage              Transmutation                1
   b - Sticks to Snakes               Transmutation                2
   c - Spider Form                    Transmutation/Poison         3
   d - Ice Form                       Ice/Transmutation            4
   e - Blade Hands                    Transmutation                5
Comestibles
 c - a bread ration
 d - 2 chunks of flesh
 g - a royal jelly


   Skills:
 + Level 1.2 Fighting
 + Level 2.1 Dodging
 * Level 1.5 Stealth
 * Level 3.3 Unarmed Combat
 * Level 2.1 Spellcasting
 + Level 2.1 Transmutations


You had 2 spell levels left.
You knew the following spells:

 Your Spells              Type           Power        Failure   Level  Hunger
a - Beastly Appendage     Trmt           #.....       12%         1    #......
b - Sticks to Snakes      Trmt           #.........   14%         2    ###....


Dungeon Overview and Level Annotations

Branches:
Dungeon (2/15)

Altars:


Innate Abilities, Weirdness & Mutations

You cannot wear most types of armour.
You are amphibious.
You can wear up to eight rings at the same time.
You can use your tentacles to constrict eight enemies at once.
Your skin changes colour to match your surroundings (Stealth).
Your rubbery body absorbs attacks (AC +1).


Message History

You feel sick.
* * * LOW HITPOINT WARNING * * *
You feel sick.
You open the door.
There is an open door here.
* * * LOW HITPOINT WARNING * * *
You feel sick.
* * * LOW HITPOINT WARNING * * *
You feel sick.
* * * LOW HITPOINT WARNING * * *
You feel sick.
You are no longer poisoned.
A goblin comes into view. It is wielding a club.
You barely miss the goblin. Your grab misses the goblin. The goblin misses you.
You closely miss the goblin. Your grab misses the goblin.
Your squeeze misses the goblin. The goblin completely misses you.
You tentacle-slap the goblin. You grab the goblin.
The goblin is heavily wounded.
You constrict the goblin. The goblin hits you with a club.
You die...

... ##...
#######.##
##....
#........#
##..... #.
##...####......
#.
##.......'......
#.
#.....####......
#. #.##..#
##.....
#g##.###.#
##....
#.@......# ##...
####.##### ##+#
#.# #.# #.# #.#
#.# .#


You could see a goblin.

Vanquished Creatures
  An adder (D:2)
  A bat (D:1)
  A giant cockroach (D:1)
  A kobold (D:1)
  2 giant geckos (D:1)
  A giant newt (D:1)
  A goblin (D:1)
  4 rats (D:1)
12 creatures vanquished.

Notes
Turn   | Place    | Note
--------------------------------------------------------------
     0 | D:1      | Kidiri the Octopode Transmuter began the quest for the Orb.
     0 | D:1      | Reached XP level 1. HP: 13/13 MP: 3/3
     6 | D:1      | Noticed an anaconda
     6 | D:1      | Noticed a four-headed hydra
     6 | D:1      | Noticed a crocodile
     7 | D:1      | Noticed a hound
     9 | D:1      | Noticed a swamp worm
   218 | D:1      | Reached skill level 1 in Stealth
   391 | D:1      | Reached XP level 2. HP: 18/18 MP: 5/5
   395 | D:1      | Learned a level 2 spell: Sticks to Snakes
   434 | D:1      | You fall through a shaft!
   475 | D:2      | Slain by a goblin

Vault maps used:
D:1:      onia_arrival_zoo_common
D:2:      forest_paths, grunt_qazlal_sundering, okawaru_ov_weapons_minmay

Action                   || total
-------------------------++-------
Melee: Unarmed           ||    28
 Stab: Sleeping          ||     1
